AoeStats
← dincenzo

Glade

510850410Analyzed
1v1 RM · 19h ago on Oct 2, 2026· 33m 25s· 2 players
Game mode
Random Map
Map size
Tiny (2 player)
Population
200
Speed
Normal
Resources
Standard
Victory
Conquest
Starting age
Dark Age
Ending age
Imperial Age
RankedLock teamsTeams togetherTeam positionsShared explorationLock speedFull tech treeHidden civsTurbo modeCheats
Victory
Defeat
🇹🇷 Turks · Türkiye
1246
+16
🇹🇷 Malay · Türkiye
1244
-16
Ncxq
9:30 Feudal Age
9:13 Double-Bit Axe
9:34 Horse Collar
15:44 Loom
18:07 Castle Age
17:32 Scale Barding Armor
17:38 Forging
17:31 Gold Mining
19:48 Wheelbarrow
21:42 Husbandry
23:22 Iron Casting
25:00 Fletching
25:10 Padded Archer Armor
25:17 Crossbowman
26:34 Town Watch
27:03 Bodkin Arrow
27:24 Leather Archer Armor
27:52 Bow Saw
29:30 Thumb Ring
29:47 Hand Cart
33:41 Imperial Age
32:34 Gold Shaft Mining
33:12 Ballistics
dincenzo
8:50 Loom
11:12 Feudal Age
13:12 Horse Collar
15:43 Castle Age
14:14 Double-Bit Axe
17:09 Bow Saw
17:15 Heavy Plow
21:18 Wheelbarrow
20:28 Town Watch
20:49 Gold Mining
22:12 Bloodlines
22:03 Husbandry
23:47 Forging
24:21 Scale Barding Armor
25:47 Iron Casting
26:47 Hand Cart
26:35 Gold Mining
26:37 Stone Mining
29:53 Imperial Age
28:23 Gold Mining
31:48 Conscription
33:20 Artillery
Connection lost

Rejoining the realm…

Still unreachable

The connection could not be restored.

Session expired

The server has moved on; the page needs a fresh start.